[Event "ICC tourney 2308 (3 2)"]
[Site "Internet Chess Club"]
[Date "2021.01.15"]
[Round "8"]
[White "Ayushb"]
[Black "DualMoneytime"]
[Result "0-1"]
[ICCResult "White forfeits on time"]
[WhiteElo "1769"]
[BlackElo "1982"]
[Opening "French: exchange variation"]
[ECO "C01"]
[NIC "FR.01"]
[Time "21:52:08"]
[PlyCount "72"]
[TimeControl "180+2"]

1. e4 e6 2. d4 d5 3. exd5 exd5 4. Bd3 Bd6 5. Nf3 Bg4 6. O-O Nc6 7. c3 Nge7
8. Bg5 h6 9. Bh4 Qd7 10. Nbd2 O-O-O 11. Bg3 Bxg3 12. hxg3 h5 13. Qc2 f6 14.
b4 g5 15. b5 Na5 16. Nb3 Nc4 17. Nc5 Qd6 18. Bxc4 dxc4 19. Rfe1 Nd5 20. a4
h4 21. Qe4 Bxf3 22. Qxf3 hxg3 23. Qxg3 Qxg3 24. fxg3 Nxc3 25. Rac1 Nd5 26.
Rxc4 Nb6 27. Rb4 Rhe8 28. Rbb1 Nd5 29. Kf2 b6 30. Ne4 Kb7 31. Rbc1 Re7 32.
Re2 Rde8 33. Rce1 g4 34. Nc3 Rxe2+ 35. Rxe2 Rxe2+ 36. Nxe2 c6 { White
forfeits on time } 0-1

[Event "ICC tourney 2308 (3 2)"]
[Site "Internet Chess Club"]
[Date "2021.01.15"]
[Round "8"]
[White "MarfaEs"]
[Black "kittypuppy"]
[Result "1-0"]
[ICCResult "Black checkmated"]
[WhiteElo "2004"]
[BlackElo "1058"]
[Opening "English: Caro-Kann defensive system, Bogolyubov variation"]
[ECO "A12"]
[NIC "EO.64"]
[Time "21:51:52"]
[PlyCount "79"]
[TimeControl "180+2"]

1. c4 c6 2. Nf3 d5 3. b3 Bg4 4. Bb2 e6 5. d3 Nf6 6. e3 Nbd7 7. Be2 Be7 8.
O-O Qc7 9. cxd5 cxd5 10. Nc3 O-O 11. h3 Bh5 12. Nd4 Bxe2 13. Qxe2 Bc5 14.
Nf3 Bb4 15. Rfc1 Bxc3 16. Bxc3 Qb6 17. Bd4 Qd6 18. Rc2 b6 19. Rac1 Rfd8 20.
Rc6 Qf8 21. Ne5 Nxe5 22. Bxe5 Rdc8 23. Qc2 Rxc6 24. Qxc6 Qe8 25. Qb7 Nd7
26. Bd6 a5 27. Rc7 Rb8 28. Qc6 Nf6 29. Qc3 Qd8 30. Be7 Qe8 31. Bxf6 gxf6
32. Qxf6 Rc8 33. Re7 Rc1+ 34. Kh2 Qb8+ 35. g3 Qf8 36. e4 Rc2 37. Rd7 Qg7
38. Rd8+ Qf8 39. Qg5+ Kh8 40. Rxf8# { Black checkmated } 1-0

[Event "ICC tourney 2308 (3 2)"]
[Site "Internet Chess Club"]
[Date "2021.01.15"]
[Round "8"]
[White "baldwinsthename"]
[Black "GrandWizard"]
[Result "0-1"]
[ICCResult "White checkmated"]
[WhiteElo "1272"]
[BlackElo "1806"]
[Opening "English: Anglo-Dutch defense"]
[ECO "A10"]
[NIC "HD.14"]
[Time "21:51:53"]
[PlyCount "128"]
[TimeControl "180+2"]

1. c4 f5 2. d3 Nf6 3. Nc3 c6 4. Bf4 d6 5. e3 e5 6. Bg3 g5 7. h3 h5 8. Be2
h4 9. Bh2 g4 10. Qc2 Na6 11. a3 Nc5 12. b4 Ne6 13. O-O-O d5 14. d4 e4 15.
Be5 Be7 16. hxg4 fxg4 17. Bxg4 Nxd4 18. Rxd4 Bxg4 19. cxd5 cxd5 20. Kd2 Rh5
21. f3 Rxe5 22. fxg4 Nxg4 23. Nh3 Qb6 24. Rf1 O-O-O 25. Nf4 Kb8 26. Qb3 Bg5
27. Re1 Nxe3 28. Nh3 Nf5+ 29. Nxg5 Qxd4+ 30. Kc2 Ne3+ 31. Kb2 Rxg5 32. Re2
Rc8 33. a4 Nd1+ 34. Qxd1 Qxc3+ 35. Ka2 Qc4+ 36. Ka1 Qc1+ 37. Qxc1 Rxc1+ 38.
Kb2 Rc4 39. Kb3 Rg3+ 40. Kb2 e3 41. b5 Rd4 42. Kc3 Rd2 43. Re1 Rgxg2 44.
Rxe3 Rg3 45. Kxd2 Rxe3 46. Kxe3 d4+ 47. Kf3 d3 48. Ke3 h3 49. Kxd3 h2 50.
Kc4 h1=Q 51. Kb4 Qd5 52. Ka5 b6+ 53. Kb4 Qd4+ 54. Kb3 Qc5 55. a5 Qxb5+ 56.
Kc2 bxa5 57. Kc3 a4 58. Kc2 a3 59. Kc3 a2 60. Kd4 a1=Q+ 61. Ke4 Qe1+ 62.
Kf3 Qf5+ 63. Kg2 Qef2+ 64. Kh1 Qh5# { White checkmated } 0-1

[Event "ICC tourney 2308 (3 2)"]
[Site "Internet Chess Club"]
[Date "2021.01.15"]
[Round "8"]
[White "Shakhmatova"]
[Black "Ben2008"]
[Result "1-0"]
[ICCResult "Black resigns"]
[WhiteElo "1756"]
[BlackElo "1900"]
[Opening "Sicilian: closed"]
[ECO "B23"]
[NIC "SI.44"]
[Time "21:52:42"]
[PlyCount "107"]
[TimeControl "180+2"]

1. e4 c5 2. Nc3 d6 3. f4 e6 4. g3 Nf6 5. d3 Nc6 6. Bg2 Be7 7. Nge2 O-O 8.
h3 a6 9. Be3 Rb8 10. a4 b5 11. axb5 axb5 12. e5 Nd5 13. Nxd5 exd5 14. Bxd5
Nb4 15. Bg2 dxe5 16. fxe5 Qc7 17. O-O Bb7 18. Bf4 Bxg2 19. Kxg2 Qc6+ 20.
Kh2 Rbd8 21. Ra3 c4 22. d4 Nd5 23. Raf3 Nxf4 24. Nxf4 Qb6 25. c3 b4 26. d5
Bg5 27. h4 Bxf4 28. Rxf4 Qb5 29. Rd4 bxc3 30. bxc3 Rfe8 31. Qf3 Qb7 32. Re1
Qc7 33. d6 Qc5 34. Qf4 f6 35. Rxc4 Qd5 36. Rd4 Qc5 37. Rde4 Qxc3 38. R1e3
Qb2+ 39. Re2 Qb7 40. e6 Qd5 41. Rd4 Qb3 42. e7 Rd7 43. Re3 Qb2+ 44. Kh3 Qb6
45. Qg4 Rxd6 46. Rde4 Qb7 47. Qf5 Rd7 48. Qe6+ Kh8 49. Qf7 Qc8 50. Rg4 Rg8
51. e8=Q Rxf7 52. Qxf7 f5 53. Rf4 Qc5 54. Re8 { Black resigns } 1-0

[Event "ICC tourney 2308 (3 2)"]
[Site "Internet Chess Club"]
[Date "2021.01.15"]
[Round "8"]
[White "KingRayfish"]
[Black "A4-H5"]
[Result "0-1"]
[ICCResult "White forfeits on time"]
[WhiteElo "1469"]
[BlackElo "1999"]
[Opening "Sicilian: Nimzovich-Rubinstein variation"]
[ECO "B29"]
[NIC "SI.43"]
[Time "21:52:29"]
[PlyCount "100"]
[TimeControl "180+2"]

1. e4 c5 2. Nf3 Nf6 3. Bc4 d6 4. d3 Nc6 5. Nc3 Na5 6. O-O Nxc4 7. dxc4 g6
8. Re1 Bg4 9. h3 Bxf3 10. Qxf3 Bg7 11. Bf4 O-O 12. e5 Nh5 13. Bh2 dxe5 14.
Rad1 Qc7 15. Nd5 Qd6 16. Nf4 exf4 17. Rxd6 exd6 18. Bxf4 Rad8 19. g4 Nxf4
20. Qxf4 Bxb2 21. Rb1 Be5 22. Qf3 b6 23. Qb7 Ra8 24. a4 Rfb8 25. Qe4 Re8
26. Qb7 Bf6 27. a5 Reb8 28. Qc7 Be5 29. axb6 axb6 30. Rxb6 Rc8 31. Qe7 Re8
32. Qd7 Red8 33. Qe7 Ra1+ 34. Kg2 Rf8 35. c3 Rd1 36. Rb3 Rd3 37. Ra3 Kg7
38. h4 h6 39. Rb3 Bf6 40. Qe4 Rd2 41. Qe3 Rc2 42. g5 hxg5 43. hxg5 Be5 44.
Qd3 Ra2 45. Rb1 Rh8 46. Rh1 Rxf2+ 47. Kg1 Rxh1+ 48. Kxh1 Rf5 49. Qd5 Rxg5
50. Qe4 Rg3 { White forfeits on time } 0-1

[Event "ICC tourney 2308 (3 2)"]
[Site "Internet Chess Club"]
[Date "2021.01.15"]
[Round "8"]
[White "woochess"]
[Black "MasterZachary"]
[Result "1-0"]
[ICCResult "Black forfeits on time"]
[WhiteElo "2595"]
[BlackElo "2307"]
[Opening "QGA: classical, 6...a6"]
[ECO "D27"]
[NIC "QG.07"]
[Time "21:52:00"]
[PlyCount "89"]
[TimeControl "180+2"]

1. d4 d5 2. c4 dxc4 3. Nf3 a6 4. e3 Nf6 5. Bxc4 e6 6. O-O c5 7. dxc5 Bxc5
8. b3 O-O 9. Bb2 b5 10. Bd3 Bb7 11. Qe2 Nbd7 12. Nbd2 Rc8 13. a4 bxa4 14.
Rxa4 a5 15. Rh4 h6 16. e4 e5 17. Nxe5 Nxe5 18. Bxe5 Nd7 19. Bg3 Ne5 20. Bb5
Be7 21. Rh5 Nc6 22. Nf3 Nd4 23. Nxd4 Qxd4 24. Ba6 Bxa6 25. Qxa6 Bb4 26. e5
Qd5 27. Bf4 Rc6 28. Qb7 Rd8 29. Rh3 Rc3 30. Qxd5 Rxd5 31. Rg3 Rxg3 32. hxg3
Rd3 33. Rb1 Bc3 34. Kf1 Rd5 35. e6 fxe6 36. Ke2 e5 37. Be3 Kf7 38. Rc1 Bd4
39. Rc7+ Kf6 40. Rb7 Bxe3 41. Kxe3 Rd4 42. f3 a4 43. bxa4 Rxa4 44. g4 Rc4
45. Rb6+ { Black forfeits on time } 1-0

[Event "ICC tourney 2308 (3 2)"]
[Site "Internet Chess Club"]
[Date "2021.01.15"]
[Round "8"]
[White "MrNormalName"]
[Black "Assured"]
[Result "1/2-1/2"]
[ICCResult "Game drawn by repetition"]
[WhiteElo "2174"]
[BlackElo "2552"]
[Opening "Benoni: fianchetto, 11...Re8"]
[ECO "A62"]
[NIC "BI.22"]
[Time "21:52:37"]
[PlyCount "130"]
[TimeControl "180+2"]

1. d4 Nf6 2. c4 e6 3. g3 c5 4. d5 exd5 5. cxd5 d6 6. Nc3 g6 7. Bg2 Bg7 8.
Nf3 O-O 9. O-O Re8 10. Nd2 a6 11. a4 Nbd7 12. Nc4 Ne5 13. Nxe5 Rxe5 14. Bf4
Re8 15. e4 Rb8 16. a5 b5 17. axb6 Rxb6 18. Qc2 Ng4 19. Ra2 Rb4 20. Ra4 Rxa4
21. Qxa4 Ne5 22. Ra1 Nd3 23. Bxd6 Nxb2 24. Qb3 Qxd6 25. Qxb2 Bd7 26. Qc2
Rb8 27. Bf1 Rb6 28. Ra5 c4 29. Ra2 Rb3 30. Nd1 Rb4 31. Bxc4 Bd4 32. Rxa6
Qc5 33. Bd3 Qxc2 34. Bxc2 Rc4 35. Bd3 Rc1 36. Be2 Bh3 37. Ra3 Rc2 38. Bf1
Bg4 39. Ne3 Bxe3 40. Rxe3 Rc1 41. Kg2 Kg7 42. Be2 Bd7 43. Rd3 Rc2 44. Bf3
Rc1 45. Rd1 Rc3 46. e5 g5 47. Be4 Bg4 48. f3 Bd7 49. Kf2 Bb5 50. f4 gxf4
51. gxf4 Rh3 52. Kg2 Re3 53. Bf3 Ba4 54. Rd2 Rc3 55. d6 Bd7 56. Kg3 h5 57.
Kf2 h4 58. Rd1 Kg6 59. Rg1+ Kf5 60. Bg4+ Kxf4 61. Bxd7 Rc2+ 62. Ke1 Rc1+
63. Kf2 Rc2+ 64. Ke1 Rc1+ 65. Kf2 Rc2+ { Game drawn by repetition } 1/2-1/2

[Event "ICC tourney 2308 (3 2)"]
[Site "Internet Chess Club"]
[Date "2021.01.15"]
[Round "8"]
[White "leilei8514"]
[Black "pyaru536"]
[Result "0-1"]
[ICCResult "White checkmated"]
[WhiteElo "1397"]
[BlackElo "2092"]
[Opening "Scotch game"]
[ECO "C45"]
[NIC "SO.05"]
[Time "21:51:58"]
[PlyCount "182"]
[TimeControl "180+2"]

1. e4 e5 2. Nf3 Nc6 3. d4 exd4 4. Nxd4 Bc5 5. Be3 Qf6 6. c3 Nge7 7. Bc4 Ne5
8. Be2 Qg6 9. O-O d6 10. f3 O-O 11. Nd2 Kh8 12. N2b3 Bb6 13. Qd2 f5 14.
exf5 Nxf5 15. Nxf5 Bxf5 16. Bxb6 axb6 17. Nd4 Bh3 18. Rf2 Rae8 19. f4 Nd7
20. Bd3 Qg4 21. Bf5 Rxf5 22. Nxf5 Qxf5 23. gxh3 Nc5 24. Rg2 Rf8 25. Rf1 Ne4
26. Qd4 Rf7 27. Re1 Nf6 28. Qe3 h6 29. Qf3 Nh5 30. Re8+ Kh7 31. Qe4 Nxf4
32. Qxf5+ Rxf5 33. Rd2 Nxh3+ 34. Kg2 Nf4+ 35. Kg3 Ng6 36. Rb8 Rg5+ 37. Kf2
Rh5 38. Ke1 Ne5 39. Re2 Nf3+ 40. Kd1 Rd5+ 41. Kc2 Ne5 42. Rxb7 Rc5 43. Rb8
Nc6 44. Rbe8 Nd4+ 45. Kd3 Nxe2 46. Rxe2 Ra5 47. a3 Rb5 48. Kc4 Rc5+ 49. Kb4
h5 50. Rg2 Kh6 51. Kb3 g5 52. Kc2 h4 53. b4 Re5 54. Kd3 Kh5 55. h3 Rf5 56.
Ke3 Rf1 57. Rh2 Rc1 58. Kd2 Ra1 59. Kd3 Rxa3 60. Kc4 Ra1 61. Kd3 Rc1 62.
Kd2 Rf1 63. Kd3 g4 64. hxg4+ Kxg4 65. Ke2 Rf7 66. Rg2+ Kh5 67. Rg1 h3 68.
Rh1 Kh4 69. Ke3 c5 70. bxc5 dxc5 71. c4 Rf6 72. Ke2 Rf4 73. Rc1 h2 74. Rh1
Kh3 75. Ke3 Rxc4 76. Kf2 Rf4+ 77. Ke3 Rf7 78. Ke2 c4 79. Rc1 b5 80. Rb1 Kg2
81. Rb2 h1=Q 82. Ke3+ Kg3 83. Kd4 Qh8+ 84. Kc5 Qxb2 85. Kc6 Qf6+ 86. Kc5
Qe5+ 87. Kb4 Qd6+ 88. Kc3 Rf3+ 89. Kc2 Qd3+ 90. Kb2 Rf2+ 91. Kc1 Qc2# {
White checkmated } 0-1

[Event "ICC tourney 2308 (3 2)"]
[Site "Internet Chess Club"]
[Date "2021.01.15"]
[Round "9"]
[White "Ben2008"]
[Black "KingRayfish"]
[Result "1-0"]
[ICCResult "Black checkmated"]
[WhiteElo "1900"]
[BlackElo "1469"]
[Opening "Caro-Kann: advance variation"]
[ECO "B12"]
[NIC "CK.04"]
[Time "22:06:05"]
[PlyCount "55"]
[TimeControl "180+2"]

1. e4 c6 2. d4 d5 3. e5 Bf5 4. h4 e6 5. g4 Nh6 6. gxf5 Nxf5 7. Nf3 g6 8.
Bg5 Be7 9. Bxe7 Qxe7 10. Bd3 Qb4+ 11. Nbd2 Qxb2 12. Rb1 Qxa2 13. Rxb7 Qa6
14. Bxa6 Nxa6 15. Qa1 O-O 16. Qxa6 Rfb8 17. Rxb8+ Rxb8 18. Qxa7 Rb2 19.
Qa8+ Kg7 20. Qxc6 Rxc2 21. Qxc2 Nxd4 22. Nxd4 h5 23. Qc7 Kh6 24. N2f3 g5
25. hxg5+ Kg7 26. Nxe6+ Kh7 27. Qxf7+ Kh8 28. Qg7# { Black checkmated } 1-0

[Event "ICC tourney 2308 (3 2)"]
[Site "Internet Chess Club"]
[Date "2021.01.15"]
[Round "9"]
[White "dsmartins"]
[Black "baldwinsthename"]
[Result "0-1"]
[ICCResult "White checkmated"]
[WhiteElo "1777"]
[BlackElo "1272"]
[Opening "King's pawn game"]
[ECO "C50"]
[NIC "IG.03"]
[Time "22:06:09"]
[PlyCount "38"]
[TimeControl "180+2"]

1. e4 e5 2. Nf3 Nc6 3. Bc4 Nd4 4. Nxd4 exd4 5. d3 c6 6. f4 Qh4+ 7. g3 Qh3
8. Qe2 d5 9. exd5+ Be7 10. d6 Bg4 11. Qe4 f5 12. Qe5 Qg2 13. Rf1 O-O-O 14.
dxe7 Nxe7 15. Be6+ Rd7 16. Bxd7+ Kxd7 17. Qxd4+ Nd5 18. Qxg7+ Kd6 19. Qxh8
Qe2# { White checkmated } 0-1

[Event "ICC tourney 2308 (3 2)"]
[Site "Internet Chess Club"]
[Date "2021.01.15"]
[Round "9"]
[White "coolsportsguy"]
[Black "Shakhmatova"]
[Result "1-0"]
[ICCResult "Black resigns"]
[WhiteElo "2330"]
[BlackElo "1756"]
[Opening "Queen's pawn: London system"]
[ECO "A45"]
[NIC "QP.07"]
[Time "22:05:55"]
[PlyCount "37"]
[TimeControl "180+2"]

1. d4 Nf6 2. Bf4 d6 3. Nc3 c6 4. e4 Nbd7 5. e5 dxe5 6. dxe5 Ng8 7. Bc4 e6
8. Qe2 Qc7 9. Nf3 Bc5 10. O-O Ne7 11. Ne4 Nf5 12. Rad1 Be7 13. Nd6+ Bxd6
14. exd6 Qd8 15. Bxe6 fxe6 16. Qxe6+ Ne7 17. Ng5 Nc5 18. Qf7+ Kd7 19. dxe7+
{ Black resigns } 1-0

[Event "ICC tourney 2308 (3 2)"]
[Site "Internet Chess Club"]
[Date "2021.01.15"]
[Round "9"]
[White "PappusChain923"]
[Black "iszerencsy"]
[Result "1-0"]
[ICCResult "Black resigns"]
[WhiteElo "2147"]
[BlackElo "1425"]
[Opening "Benoni defense, Hromodka system"]
[ECO "A43"]
[NIC "OI.09"]
[Time "22:06:41"]
[PlyCount "53"]
[TimeControl "180+2"]

1. d4 c5 2. d5 d6 3. c4 Nf6 4. Nc3 g6 5. Bf4 Bg7 6. h3 O-O 7. e3 a6 8. Be2
Nbd7 9. Nf3 h6 10. O-O Kh7 11. a4 Nh5 12. Bh2 f5 13. Nd2 Nhf6 14. e4 fxe4
15. Ndxe4 Nxe4 16. Nxe4 Bxb2 17. Rb1 Be5 18. Bd3 Bxh2+ 19. Kxh2 Qe8 20. f4
Nf6 21. Ng5+ hxg5 22. fxg5 Ng4+ 23. hxg4 Kg7 24. Qe2 Rh8+ 25. Kg1 Rh4 26.
Rf4 Qh8 27. Qxe7+ { Black resigns } 1-0

[Event "ICC tourney 2308 (3 2)"]
[Site "Internet Chess Club"]
[Date "2021.01.15"]
[Round "9"]
[White "mhebden"]
[Black "jy2020"]
[Result "1-0"]
[ICCResult "Black resigns"]
[WhiteElo "2503"]
[BlackElo "2213"]
[Opening "QGD: Tartakower (Makagonov-Bondarevsky) system"]
[ECO "D58"]
[NIC "QO.10"]
[Time "22:05:51"]
[PlyCount "49"]
[TimeControl "180+2"]

1. d4 Nf6 2. Nf3 d5 3. c4 e6 4. Bg5 Be7 5. e3 O-O 6. Nc3 h6 7. Bh4 b6 8.
Bd3 Bb7 9. O-O Nbd7 10. Bg3 Ne4 11. Bxe4 dxe4 12. Nd2 f5 13. Nb5 c5 14. Nc7
f4 15. Nxe6 Qc8 16. Bxf4 Rf6 17. d5 Nf8 18. Nxf8 Rxf8 19. Nxe4 Qf5 20. Nc3
Bf6 21. Rc1 a6 22. Bg3 Qd7 23. Na4 Qd8 24. Qb3 Bc8 25. Qxb6 { Black resigns
} 1-0

[Event "ICC tourney 2308 (3 2)"]
[Site "Internet Chess Club"]
[Date "2021.01.15"]
[Round "9"]
[White "ved2006"]
[Black "HR2005"]
[Result "0-1"]
[ICCResult "White resigns"]
[WhiteElo "1686"]
[BlackElo "2041"]
[Opening "King's Indian: London system"]
[ECO "A48"]
[NIC "QP.03"]
[Time "22:05:52"]
[PlyCount "68"]
[TimeControl "180+2"]

1. d4 Nf6 2. Nf3 g6 3. Bf4 Bg7 4. e3 d6 5. c4 O-O 6. Nc3 Nh5 7. Bg3 Nxg3 8.
hxg3 Nd7 9. Be2 e5 10. O-O c6 11. Qb3 Re8 12. Rad1 Qe7 13. dxe5 dxe5 14. e4
Nc5 15. Qc2 a5 16. Rd2 Bg4 17. a3 a4 18. Ne1 Bxe2 19. Nxe2 Nb3 20. Rd1 Rad8
21. Nd3 b5 22. Nb4 Qb7 23. Rxd8 Rxd8 24. Rd1 Nd4 25. Nxd4 exd4 26. cxb5
cxb5 27. Qd3 Qb6 28. Nd5 Qc5 29. Qd2 f5 30. Rc1 Qd6 31. Nc7 fxe4 32. Nxb5
Qe5 33. Rd1 Qxb5 34. Qg5 Qxg5 { White resigns } 0-1

[Event "ICC tourney 2308 (3 2)"]
[Site "Internet Chess Club"]
[Date "2021.01.15"]
[Round "9"]
[White "MrWizard"]
[Black "Goran21"]
[Result "0-1"]
[ICCResult "White resigns"]
[WhiteElo "2019"]
[BlackElo "2008"]
[Opening "Queen's pawn: London system"]
[ECO "A45"]
[NIC "QP.07"]
[Time "22:05:54"]
[PlyCount "94"]
[TimeControl "180+2"]

1. d4 Nf6 2. Bf4 g6 3. e3 Bg7 4. h3 O-O 5. Nf3 c5 6. c3 cxd4 7. exd4 d6 8.
Be2 Nd5 9. Bg3 Nc6 10. O-O Bf5 11. Qb3 Nb6 12. Nbd2 e5 13. dxe5 dxe5 14.
Rad1 Qe7 15. Bb5 Be6 16. Qc2 Bf5 17. Qb3 e4 18. Rfe1 Rfd8 19. Bh4 Bf6 20.
Bxf6 Qxf6 21. Bxc6 Qxc6 22. Nd4 Qc5 23. Nf1 Bd7 24. Ne3 Ba4 25. Qa3 Qxa3
26. bxa3 Bxd1 27. Rxd1 Rac8 28. Re1 Rxc3 29. Nb5 Rc5 30. Nxa7 Ra8 31. Rb1
Nd5 32. Nxd5 Rxd5 33. Nb5 Rad8 34. Nc3 Rd4 35. Rxb7 f5 36. a4 Rc4 37. Ne2
Rxa4 38. Rb2 Rda8 39. Nc3 Ra3 40. Rc2 Rc8 41. Nb5 Rxc2 42. Nxa3 Rxa2 43.
Nc4 f4 44. Nd6 e3 45. fxe3 fxe3 46. Nc4 Ra1+ 47. Kh2 e2 { White resigns }
0-1

[Event "ICC tourney 2308 (3 2)"]
[Site "Internet Chess Club"]
[Date "2021.01.15"]
[Round "9"]
[White "MasterZachary"]
[Black "saif-shawkat"]
[Result "1-0"]
[ICCResult "Black resigns"]
[WhiteElo "2307"]
[BlackElo "2059"]
[Opening "Giuoco Pianissimo"]
[ECO "C55"]
[NIC "IG.01"]
[Time "22:06:00"]
[PlyCount "57"]
[TimeControl "180+2"]

1. e4 e5 2. Nf3 Nc6 3. Bc4 Nf6 4. d3 Bc5 5. c3 d6 6. Nbd2 h6 7. a4 a5 8.
Nf1 Be6 9. Bxe6 fxe6 10. Ng3 Qd7 11. O-O O-O 12. d4 exd4 13. cxd4 Bb6 14.
h3 e5 15. Be3 Rae8 16. dxe5 Bxe3 17. exf6 Bc5 18. fxg7 Rf4 19. Nf5 Rexe4
20. Nxh6+ Kxg7 21. Ng4 Nd4 22. Nxd4 Bxd4 23. Re1 Qf5 24. Rxe4 Rxe4 25. Qd2
Rf4 26. Re1 Qf7 27. g3 Rxf2 28. Nxf2 Qf3 29. Qxd4+ { Black resigns } 1-0

[Event "ICC tourney 2308 (3 2)"]
[Site "Internet Chess Club"]
[Date "2021.01.15"]
[Round "9"]
[White "DrKnight01"]
[Black "blackjack721"]
[Result "1-0"]
[ICCResult "Black checkmated"]
[WhiteElo "1216"]
[BlackElo "1454"]
[Opening "Queen's pawn game, Darooha variation "]
[ECO "D02"]
[NIC "QP.06"]
[Time "22:06:14"]
[PlyCount "51"]
[TimeControl "180+2"]

1. d4 Nf6 2. Nf3 d5 3. Nc3 c6 4. Bg5 Nbd7 5. e3 Qc7 6. Bd3 h6 7. Bh4 Ne4 8.
Nxe4 dxe4 9. Bxe4 e6 10. Bg3 Qa5+ 11. c3 Nf6 12. Bd3 Bd7 13. Qc2 O-O-O 14.
b4 Qh5 15. a4 Ng4 16. b5 c5 17. dxc5 Bxc5 18. a5 Bxe3 19. fxe3 Nxe3 20. Qf2
Qc5 21. Bf4 Bxb5 22. Bxb5 Qxc3+ 23. Ke2 Rd2+ 24. Nxd2 Ng4 25. Qxa7 Qb4 26.
Qb8# { Black checkmated } 1-0

[Event "ICC tourney 2308 (3 2)"]
[Site "Internet Chess Club"]
[Date "2021.01.15"]
[Round "9"]
[White "acgc"]
[Black "Kinawa"]
[Result "0-1"]
[ICCResult "White checkmated"]
[WhiteElo "946"]
[BlackElo "1535"]
[Opening "Caro-Kann defense"]
[ECO "B10"]
[NIC "CK.01"]
[Time "22:06:06"]
[PlyCount "54"]
[TimeControl "180+2"]

1. e4 c6 2. Nf3 d5 3. exd5 cxd5 4. d4 Nc6 5. Nc3 Nf6 6. Be3 Bg4 7. Be2 e6
8. Qd2 Bd6 9. h3 Bh5 10. g4 Bg6 11. O-O-O Ne4 12. Nxe4 Bxe4 13. Rhg1 Qc7
14. Ng5 Bg6 15. h4 h6 16. Nh3 O-O-O 17. h5 Bh7 18. Bf4 Bxf4 19. Nxf4 Nxd4
20. c3 Nxe2+ 21. Nxe2 Qe5 22. g5 Bf5 23. gxh6 gxh6 24. Nd4 Bh7 25. Rde1
Qxh5 26. Rh1 Qg6 27. Rxh6 Qb1# { White checkmated } 0-1

[Event "ICC tourney 2308 (3 2)"]
[Site "Internet Chess Club"]
[Date "2021.01.15"]
[Round "9"]
[White "kittypuppy"]
[Black "spideydavey"]
[Result "0-1"]
[ICCResult "White checkmated"]
[WhiteElo "1058"]
[BlackElo "1802"]
[Opening "English: symmetrical, Benoni formation"]
[ECO "A31"]
[NIC "OI.06"]
[Time "22:06:03"]
[PlyCount "74"]
[TimeControl "180+2"]

1. d4 Nf6 2. c4 c5 3. Nf3 e6 4. Bg5 a6 5. Nc3 h6 6. Bh4 g5 7. Bg3 cxd4 8.
Nxd4 Bg7 9. e3 O-O 10. Nc2 Nc6 11. Bd3 d5 12. cxd5 Nxd5 13. Nxd5 Qxd5 14.
e4 Qa5+ 15. Qd2 Bxb2 16. Qxa5 Nxa5 17. Rb1 Bc3+ 18. Ke2 Bd7 19. Bc7 Bc6 20.
Bxa5 Bxa5 21. Nd4 Rac8 22. Nxc6 Rxc6 23. Rhc1 Rxc1 24. Rxc1 b5 25. Rc6 Ra8
26. e5 Ra7 27. Rc8+ Kg7 28. Rc6 Bb4 29. Ke3 Ba3 30. Rc3 b4 31. Rb3 a5 32.
Bb5 Rc7 33. f3 Rc5 34. Ba4 Rxe5+ 35. Kd4 Rd5+ 36. Ke3 Bc1+ 37. Ke4 f5# {
White checkmated } 0-1

[Event "ICC tourney 2308 (3 2)"]
[Site "Internet Chess Club"]
[Date "2021.01.15"]
[Round "9"]
[White "funpawn"]
[Black "RatislavK"]
[Result "1-0"]
[ICCResult "Black resigns"]
[WhiteElo "1794"]
[BlackElo "1533"]
[Opening "Sicilian: Pelikan, Chelyabinsk variation"]
[ECO "B33"]
[NIC "SI.37"]
[Time "22:06:00"]
[PlyCount "63"]
[TimeControl "180+2"]

1. e4 c5 2. Nf3 Nc6 3. d4 cxd4 4. Nxd4 Nf6 5. Nc3 e5 6. Ndb5 d6 7. Bg5 a6
8. Na3 b5 9. Nd5 Be7 10. Bxf6 Bxf6 11. c3 Bg5 12. Nc2 O-O 13. a4 bxa4 14.
Rxa4 a5 15. Bc4 Bd7 16. h4 Bh6 17. Ra1 Rb8 18. b3 Ne7 19. g4 Bf4 20. Nxf4
exf4 21. Qf3 Ng6 22. h5 Ne5 23. Qxf4 Bxg4 24. Ne3 Bf3 25. Rg1 Rxb3 26. Qg3
Qf6 27. Bxb3 Nd3+ 28. Kd2 Rc8 29. Nd5 Qh6+ 30. Kxd3 Bxh5 31. Ne7+ Kf8 32.
Nxc8 { Black resigns } 1-0

[Event "ICC tourney 2308 (3 2)"]
[Site "Internet Chess Club"]
[Date "2021.01.15"]
[Round "9"]
[White "ChiefDas"]
[Black "DejaVu"]
[Result "1-0"]
[ICCResult "Black resigns"]
[WhiteElo "1857"]
[BlackElo "1850"]
[Opening "Ruy Lopez: 5.O-O"]
[ECO "C78"]
[NIC "RL.12"]
[Time "22:06:24"]
[PlyCount "39"]
[TimeControl "180+2"]

1. e4 e5 2. Nf3 Nc6 3. Bb5 a6 4. Ba4 Nf6 5. O-O b5 6. Bb3 Bc5 7. Re1 d6 8.
h3 O-O 9. c3 Bb6 10. d3 h6 11. Nbd2 Nh5 12. Nxe5 Qh4 13. Nxc6 Bxf2+ 14. Kf1
Bxe1 15. Qxe1 Ng3+ 16. Kg1 Bxh3 17. Nf3 Ne2+ 18. Qxe2 Qg3 19. Ne7+ Kh8 20.
Nf5 { Black resigns } 1-0

[Event "ICC tourney 2308 (3 2)"]
[Site "Internet Chess Club"]
[Date "2021.01.15"]
[Round "9"]
[White "stephenwilly"]
[Black "BrodskyUTD"]
[Result "0-1"]
[ICCResult "White checkmated"]
[WhiteElo "1460"]
[BlackElo "2564"]
[Opening "Sicilian: Najdorf"]
[ECO "B90"]
[NIC "SI.14"]
[Time "22:06:08"]
[PlyCount "66"]
[TimeControl "180+2"]

1. e4 c5 2. Nf3 d6 3. d4 cxd4 4. Nxd4 Nf6 5. Nc3 a6 6. a3 e5 7. Nf3 h6 8.
Bc4 Be6 9. Bxe6 fxe6 10. Be3 Be7 11. Qe2 O-O 12. O-O-O Qa5 13. Bd2 Qc7 14.
h4 b5 15. Ng5 Qc8 16. Nh3 Nc6 17. Na2 Nd4 18. Qd3 Qc6 19. f3 d5 20. Bc3
dxe4 21. fxe4 Rad8 22. Qg3 Ne2+ 23. Kb1 Nxg3 24. Rhe1 Ngxe4 25. Rxd8 Rxd8
26. Bxe5 Rd2 27. Nc3 b4 28. axb4 Bxb4 29. Re3 Nxc3+ 30. bxc3 Nd5 31. Rg3
Nxc3+ 32. Kc1 Rd1+ 33. Kb2 Rb1# { White checkmated } 0-1

[Event "ICC tourney 2308 (3 2)"]
[Site "Internet Chess Club"]
[Date "2021.01.15"]
[Round "9"]
[White "Jesuscalling"]
[Black "CaptK"]
[Result "0-1"]
[ICCResult "White checkmated"]
[WhiteElo "2050"]
[BlackElo "2368"]
[Opening "Queen's Indian defense"]
[ECO "A47"]
[NIC "QP.06"]
[Time "22:05:54"]
[PlyCount "60"]
[TimeControl "180+2"]

1. d4 Nf6 2. Nf3 b6 3. Bf4 Bb7 4. e3 g6 5. Bd3 Bg7 6. h3 d6 7. O-O O-O 8.
Re1 Nbd7 9. e4 c5 10. c3 Re8 11. Bh2 e5 12. dxe5 Nxe5 13. Nxe5 dxe5 14. f3
Nh5 15. Bb5 Rf8 16. a4 Qg5 17. Qd2 Nf4 18. Bxf4 exf4 19. Na3 Rad8 20. Qe2
Bc8 21. Kh1 Qg3 22. Rad1 h5 23. Bc4 g5 24. Rf1 g4 25. hxg4 hxg4 26. Rxd8
Qh4+ 27. Kg1 g3 28. Rxf8+ Kxf8 29. Rb1 Qh2+ 30. Kf1 Qh1# { White checkmated
} 0-1

[Event "ICC tourney 2308 (3 2)"]
[Site "Internet Chess Club"]
[Date "2021.01.15"]
[Round "9"]
[White "PearsonH"]
[Black "SuperBlueSky"]
[Result "1-0"]
[ICCResult "Black checkmated"]
[WhiteElo "1752"]
[BlackElo "1562"]
[Opening "Queen's pawn, Mason variation, Steinitz counter-gambit"]
[ECO "D00"]
[NIC "QP.08"]
[Time "22:05:56"]
[PlyCount "85"]
[TimeControl "180+2"]

1. d4 d5 2. Bf4 c5 3. e3 Nf6 4. c3 Nc6 5. Nd2 c4 6. e4 e6 7. e5 Nd7 8. Ngf3
Be7 9. Be2 b5 10. a3 a5 11. O-O O-O 12. Ne1 Bb7 13. Be3 b4 14. f4 bxc3 15.
bxc3 a4 16. f5 Re8 17. fxe6 fxe6 18. Bg4 Bg5 19. Bxg5 Qxg5 20. Be2 Qe3+ 21.
Kh1 Qxc3 22. Bh5 Rf8 23. Rxf8+ Rxf8 24. Nef3 Qe3 25. Qxa4 c3 26. Nf1 Qh6
27. Bg4 Qf4 28. Bxe6+ Kh8 29. Bxd7 Nxe5 30. dxe5 Qf7 31. e6 Qf6 32. Qb4 c2
33. Rc1 d4 34. Qxb7 d3 35. Qb4 Qh6 36. Qd2 Qf6 37. Qxd3 Qf4 38. Qxc2 Qf6
39. Qc5 Qf4 40. e7 Rg8 41. e8=Q Qf7 42. Qxf7 h5 43. Qcxh5# { Black
checkmated } 1-0